Cogmind - Beta 13 @@@ ROGUE MODE // 2024.04.07 @ 15:53:32 Player: TurnLeft25 Result: Destroyed by as-71919 with Assembled Blade Performance ------------- Evolutions (0) 0 Regions Visited (2) 400 Robots Destroyed (14) 70 Value Destroyed (363) 363 Prototype IDs (0) 0 Alien Tech Used (0) 0 Bonus (0) 0 TOTAL SCORE: 833 Bonus ------- None Cogmind --------- Core Integrity 0/250 Matter 256/300 Energy 97/100 System Corruption 0% Temperature Cool (19) Movement Core (200) Ox3 Location -10/Mines Parts ------- > --- POWER (1) -------- (None) > --- PROPULSION (2) --- (None) > --- UTILITY (2) ------ Small Storage Unit > --- WEAPON (2) ------- Assault Rifle Light Cannon > --- INVENTORY (8) ---- Light Nuclear Core Heat Sink Improved Heat Sink Sensor Array Weapon Shielding Light Assault Rifle Peak State ------------ > --- POWER ------------ Light Nuclear Core > --- PROPULSION ------- Light Treads > --- UTILITY ---------- Small Storage Unit Weapon Shielding > --- WEAPON ----------- Assault Rifle Assault Rifle > --- INVENTORY -------- Light Nuclear Core Heat Sink Improved Heat Sink Sensor Array Weapon Shielding Assault Rifle Light Assault Rifle Light Cannon [Rating: 9] Favorites ----------- Power Ion Engine Engine Ion Engine Power Core Light Nuclear Core Propulsion Light Treads Treads Light Treads Utility Small Storage Unit Storage Small Storage Unit Protection Weapon Shielding Weapon Assault Rifle Ballistic Gun Assault Rifle Ballistic Cannon Light Cannon Build | -11 -10 -10 ------- Run | Yrd Mat Min Slots Evolved . | . . . Power . | . . . Propulsion . | . . . Utility . | . . . Weapon . | . . . Parts Attached 19 | 6 10 3 Power 5 | 1 3 1 Engine 4 | 1 3 . Core 1 | . . 1 Reactor . | . . . Propulsion 4 | 2 2 . Treads 4 | 2 2 . Leg . | . . . Wheel . | . . . Hover . | . . . Flight . | . . . Utility 3 | 1 2 . Device . | . . . Storage 1 | 1 . . Processor . | . . . Hackware . | . . . Protection 2 | . 2 . Artifact . | . . . Weapon 7 | 2 3 2 Energy Gun . | . . . Energy Cannon . | . . . Ballistic Gun 6 | 2 3 1 Ballistic Cannon 1 | . . 1 Launcher . | . . . Special Weapon . | . . . Impact Weapon . | . . . Slashing Weapon . | . . . Piercing Weapon . | . . . Special Melee Weapon . | . . . Unidentified Prototypes . | . . . Parts Lost 6 | . . 6 Power 1 | . . 1 Propulsion 2 | . . 2 Utility 1 | . . 1 Weapon 2 | . . 2 Highest Loss Streak 5 | . . 5 To Critical Strikes . | . . . Average Slot Usage (%) 88 | . 92 83 Engine 7 | . 13 . Core 5 | . . 12 Treads 20 | . 27 13 Storage 14 | . 14 14 Protection 11 | . 9 14 Ballistic Gun 27 | . 27 27 Naked Turns . | . . . Heaviest Build 15 | 12 15 15 Greatest Support 40 | 40 40 20 Greatest Overweight (x) 3 | 1 2 3 Average Overweight (x) . | . . . Largest Inventory Capacity 8 | 8 8 8 Average Capacity 7 | 7 8 8 Most Carried 8 | 7 8 8 Average Carried 6 | 3 5 7 Final Capacity 8 | 8 8 8 Final Carried 8 | 2 8 6 Class Distribution -------------------- 100% | Mutant Dominant Class ---------------- Mutant | -10/Materials Mutant | -10/Mines Resources | -11 -10 -10 ----------- Run | Yrd Mat Min Matter Collected 572 | 217 314 41 Remotely . | . . . Salvage Created 490 | . 319 171 Parts 27 | . 16 11 Haulers Intercepted . | . . . Recyclers Shooed . | . . . Parts Field Recycled . | . . . Retrieved Matter . | . . . Parts Self-Destructed . | . . . Prevented . | . . . Kills | -11 -10 -10 ------- Run | Yrd Mat Min Combat Hostiles Destroyed 14 | . 6 8 Guns 13 | . 6 7 Cannons 1 | . . 1 Classes Destroyed 6 | . 4 2 Worker 1 | . 1 . Builder 1 | . 1 . Watcher 1 | . 1 . Swarmer 3 | . . 3 Grunt 8 | . 6 2 Assembled 3 | . . 3 Best Kill Streak 5 | . 5 3 Combat Bots Only 5 | . 5 3 Max Kills in Single Turn 1 | . 1 1 Gunslinging . | . . . Exploded . | . . . Melee . | . . . Uniques/NPCs Destroyed . | . . . Combat | -11 -10 -10 -------- Run | Yrd Mat Min Hostile Shots Fired 91 | . 47 44 Missed 27 | . 17 10 Damage Taken 1116 | . 391 725 Core 269 | . 58 211 Absorbed by Shields . | . . . Redirected to Shielding 99 | . 47 52 Core Remaining (%) 100 | 100 . . Volleys Fired 44 | . 30 14 Largest 2 | . 2 2 Hottest 55 | . 40 55 Shots Fired 87 | . 60 27 Gun 83 | . 60 23 Cannon 4 | . . 4 Launcher . | . . . Special . | . . . Kinetic 87 | . 60 27 Thermal . | . . . Explosive . | . . . Electromagnetic . | . . . Robot Hit Streak 11 | . 7 11 Robot Miss Streak 3 | . 3 3 Penetration Max . | . . . Secondary Targets 2 | . 1 1 Max Gunslinging Chain 1 | . 1 1 Shots Hit Robots 50 | . 35 15 Core Hits 28 | . 16 12 Critical Kills . | . . . Critical Parts Destroyed 1 | . 1 . Critical Strikes 1 | . 1 . Destroy 1 | . 1 . Melee Attacks . | . . . Impact . | . . . Slashing . | . . . Piercing . | . . . Sneak Attacks . | . . . Combat Hostiles . | . . . Follow-up Attacks . | . . . Damage Inflicted 776 | . 538 238 Guns 722 | . 537 185 Cannons 50 | . . 50 Explosions . | . . . Melee . | . . . Ramming 4 | . 1 3 Kinetic 772 | . 537 235 Thermal . | . . . Explosive . | . . . Electromagnetic . | . . . Impact . | . . . Slashing . | . . . Piercing . | . . . Highest Corruption . | . . . Average Corruption . | . . . Corruption Purged . | . . . Corruption Blocked . | . . . Overload Shots . | . . . Overflow Damage . | . . . Projectiles . | . . . Explosions . | . . . Melee . | . . . Knockbacks 1 | . . 1 Impact . | . . . Kinetic 1 | . . 1 Secondary . | . . . Self-Inflicted Damage . | . . . Shots . | . . . Rammed 2 | . 1 1 Targets Rammed 2 | . 1 1 Kicked . | . . . Crushed . | . . . Highest Temperature 26 | . 5 26 Average Temperature 5 | . 2 10 Received Heat Transfer 326 | . 219 107 Siege Activations . | . . . Robots Corrupted . | . . . Combat Hostiles . | . . . Parts Fried . | . . . Impact Corruptions . | . . . Robots Melted . | . . . Combat Hostiles . | . . . Parts Melted . | . . . Heat Transferred . | . . . Parts Sabotaged . | . . . Parts Stolen . | . . . Parts Stripped . | . . . Power Chain Reactions . | . . . Alert | -11 -10 -10 ------- Run | Yrd Mat Min Peak Influence 197 | . 197 186 Initial 76 | . . 76 Average 103 | . 65 164 Maximum Alert Level . | . . . Low Security (%) 100 | 100 100 100 Level 1 . | . . . Level 2 . | . . . Level 3 . | . . . Level 4 . | . . . Level 5 . | . . . High Security . | . . . Max Security . | . . . Squads Dispatched 1 | . 1 . Investigation 1 | . 1 . Extermination . | . . . Reinforcement . | . . . Assault . | . . . Garrison . | . . . Intercept . | . . . Searches Triggered . | . . . Construction Impeded . | . . . Haulers Reinforced . | . . . Active Scanning Responses . | . . . Cargo Convoy Interrupts . | . . . Stealth | -11 -10 -10 --------- Run | Yrd Mat Min Distress Signals . | . . . Communications Jammed . | . . . Distress Signals . | . . . Times Spotted 35 | . 10 25 Peak Tracking Total 13 | . 4 13 Tactical Retreats 1 | . 1 . Traps | -11 -10 -10 ------- Run | Yrd Mat Min Traps Triggered 2 | . 2 . Indirectly . | . . . Trap Hack Attempts . | . . . Triggered . | . . . Disarmed . | . . . Reprogrammed . | . . . Reused . | . . . Traps Extracted . | . . . Installed . | . . . Triggered . | . . . Machines | -11 -10 -10 ---------- Run | Yrd Mat Min Machines Disabled . | . . . Max in Single Turn . | . . . Machines Repaired . | . . . Machines Dismantled . | . . . Machines Sabotaged . | . . . Overloaded Fab Kills . | . . . Hacking | -11 -10 -10 --------- Run | Yrd Mat Min Machines Accessed 1 | . 1 . Terminals 1 | . 1 . Fabricators . | . . . Repair Stations . | . . . Recycling Units . | . . . Scanalyzers . | . . . Garrison Access . | . . . Total Hacks 3 | . 3 . Successful . | . . . Failed 3 | . 3 . Catastrophic . | . . . Database Lockouts . | . . . Manual . | . . . Terminals 3 | . 3 . Fabricators . | . . . Repair Stations . | . . . Recycling Units . | . . . Scanalyzers . | . . . Garrison Access . | . . . Terminal Hacks . | . . . Fabricator Hacks . | . . . Repair Station Hacks . | . . . Recycling Unit Hacks . | . . . Scanalyzer . | . . . Garrison Access Hacks . | . . . Unauthorized Hacks . | . . . Terminals . | . . . Fabricators . | . . . Repair Stations . | . . . Recycling Units . | . . . Scanalyzers . | . . . Garrison Access . | . . . Data Cores Recovered . | . . . Used . | . . . Hacking Detections 1 | . 1 . Full Trace Events 1 | . 1 . Feedback Events . | . . . Feedback Blocked . | . . . Robot Schematics Acquired . | . . . Robots Built . | . . . Authchips . | . . . Time . | . . . Total Robot Build Rating . | . . . Part Schematics Acquired . | . . . Parts Built . | . . . Authchips . | . . . Time . | . . . Total Part Build Rating . | . . . Parts Repaired . | . . . Time . | . . . Parts Recycled . | . . . Recycled Matter . | . . . Retrieved Matter . | . . . Retrieved Components . | . . . Parts Scanalyzed . | . . . Part Schematics Acquired . | . . . Parts Damaged . | . . . Bothacking | -11 -10 -10 ------------ Run | Yrd Mat Min Used RIF Installer . | . . . Robots Hacked . | . . . Non-combat . | . . . Combat . | . . . Robot Hacks Applied . | . . . Relay Couplers Released . | . . . Fabnet Peak Effective % . | . . . Robots Rewired . | . . . Allies Hacked . | . . . Hacks Repelled . | . . . Allies | -11 -10 -10 -------- Run | Yrd Mat Min Total Allies . | . . . Largest Group . | . . . Highest-Rated Group . | . . . Highest-Rated Ally . | . . . Total Orders . | . . . Ally Attacks . | . . . Total Damage . | . . . Kills . | . . . Allies Corrupted . | . . . Allies Melted . | . . . Intel | -11 -10 -10 ------- Run | Yrd Mat Min Robot Analysis Total . | . . . Derelict Logs Recovered . | . . . Drone Launches . | . . . Drone Recoveries . | . . . Exploration | -11 -10 -10 ------------- Run | Yrd Mat Min Turns Passed 677 | 58 320 299 Spaces Moved 323 | 39 125 159 Core 24 | 20 3 1 Treads 299 | 19 122 158 Legs . | . . . Wheels . | . . . Hover . | . . . Flight . | . . . Fastest Speed 50 | 50 150 160 Average Speed 154 | 116 159 160 Slowest Speed 200 | 160 160 200 Overloaded Moves . | . . . Propulsion Burnouts . | . . . Robots Hopped . | . . . Cave-ins Triggered 1 | . . 1 Exploration Rate (%) 23 | 3 26 42 Regions Visited 2 Branch Regions 1 Pre-discovered Areas . | . . . Known Exits Taken . | . . . Unknown Exits Taken 2 | 1 1 . Scrap Searched 1 | . . 1 Spaces Dug . | . . . Terrain Destroyed . | . . . Melee . | . . . Projectile . | . . . AOE . | . . . Terrain Rammed . | . . . Walls Destroyed . | . . . Machines Disabled . | . . . Actions | -11 -10 -10 --------- Run | Yrd Mat Min Total 417 | 51 188 178 Wait . | . . . Move 321 | 38 124 159 Hop . | . . . Pick Up 24 | 7 17 . Fast Attach 2 | 1 . 1 Attach 15 | 5 8 2 Detach . | . . . Swap 2 | . 2 . Drop 7 | . 6 1 Fire 44 | . 30 14 Melee . | . . . Ram . | . . . Kick . | . . . Crush 2 | . 1 1 Escape Stasis . | . . . Rewire . | . . . Trap . | . . . Miscellaneous . | . . . Route ------- -11/Scrapyard -10/Materials -10/Mines History --------- Turn | Location | Event 9 | -11/Scrapyard | Discovered new exit (range 16) 59 | -11/Scrapyard | Entered Materials 246 | -10/Materials | Discovered new exit (range 13) 318 | -10/Materials | Build established: Mutant 379 | -10/Materials | Entered Mines 645 | -10/Mines | Assembled infested the area 658 | -10/Mines | Core integrity fell below 50% 662 | -10/Mines | Crushed by falling debris 676 | -10/Mines | Core integrity fell below 20% 678 | -10/Mines | Destroyed by as-71919 with Assembled Blade Last Messages --------------- 00655_ as-22347 destroyed. 00655_ as-07526 destroyed. 00657_ Lgt. Treads destroyed. 00659_ as-28252 destroyed. 00659_ Lgt. Nuclear Core destroyed. 00660_ Assault Rifle destroyed. 00661_ The unstable cave ceiling collapses. 00662_ Crushed by falling debris. 00665_ D-53 Grenadier destroyed. 00665_ as-10451 destroyed. 00665_ Assault Rifle destroyed. 00665_ as-56388 destroyed. 00669_ as-23234 knocked back. 00671_ The unstable cave ceiling collapses. 00672_ as-61971 destroyed. 00672_ D-53 Grenadier destroyed. 00672_ Weapon Shielding destroyed. 00673_ The unstable cave ceiling collapses. 00675_ as-55559 destroyed. 00678_ as-88162 destroyed. Map ----- +----------------------------------------------------+ | ????????????????????????????? | | ????????????????????????????? | | ????????????????????????????? | | ????????????????????????????? | | ????????????????????????????? | | ????????????????????????????? | | ????????????????????????????? | | ????????????????????????????? | | ????????????????????????????? | | ????????????????????????????? | | ????????????????????????????? | | ??????????????????# ###?????? | | ?????????????????? ?????? | | ?????????????????? ?????? | | ?????????????????##% a ?????? | | ?????????????????# =% ?????? | | ?????????????????? aa##???? | | ??????????????????# #???? | | ?????????????###??? a #???? | | ?????????????? ??# %###?? | | ???????????????? ## % #?? | | ?????????????????? $ ### | | ??????????????????## % # | | ??????????????????# a # | | ??????????????????# a aa # | | ??????????????????# %a@# # | | ??????????????????## # # | | ??????????????????# #= # | | ??????????????????## # # | | ##?????????????????# # | | ##############????## ### | | #?????### # #?? | | ########### #???????# ###?? | | #?????????#!#???????# #???? | | ##?????????#%#########%#???? | | ##??????????#[== #???? | | #???????????######### ###???? | | #???????????????????# #?????? | | ????????????????????# #?????? | | ????????????????????# #?????? | | ???????????????????? ?????? | | ???????????????????? ?????? | | ???????????????????? ?????? | | ???????????????????? ?????? | | ???????????????????? ?????? | | ???????????????????? ?????? | | ???????????????????? ?????? | | ????????????????????###?????? | | ????????????????????????????? | | ????????????????????????????? | +----------------------------------------------------+ Best States ------------- Heat Dissipation 25 Energy Generation 14 Energy Capacity 250 Matter Stores 300 Matter Capacity 300 Sight Range 16 Terrain Scan Density 10 Weapon Shielding 33 Evasion (%) 50 Recoil Reduction 2 Item Schematics ----------------- None Robot Schematics ------------------ None Fabricated ------------ Nothing Alien Tech Used ----------------- None Achievements -------------- None Challenges ------------ None Game ------ Seed BiometalClaymoresClaws Manual? 0 Play Time 00:06:53 Cumulative 12.2 hours Start 2024.04.07 @ 15:48:38 End 2024.04.07 @ 15:53:32 Sessions 1 Manual Loads 0 Difficulty Rogue Special Mode None Game No. 22 Rogue 22 Adventurer 0 Explorer 0 Win Type - Total 0 Types 0/0/0/0/0/0/0/0/0 Lore% 17 Gallery% 22 Achievement% 19 Wizard Run 0 Options --------- Layout 1 ASCII 0 Keyboard 0 Movement Mouse Keybinds 0 Fullscreen 1 Font 24/Smallcaps Map View 50x40 Zoom Use 0% Tactical HUD 1 Map Filters NONE Filters NONE Steam 1 RUN: f3ea50d2-032b-4122-a142-9cd5cc46cf38